 Dungeon Crawl Stone Soup version 0.25.0-37-gb73750e0fb (webtiles) character file.

Game seed: 17026773134316764396

33 Descartes the Sneak (level 3, -5/18 HPs)
             Began as a Felid Wanderer on July 8, 2020.
             Killed from afar by an orc wizard (11 damage)
             ... with a puff of frost
             ... on level 4 of the Dungeon.
             The game lasted 00:03:21 (2355 turns).

Descartes the Sneak (Felid Wanderer)                Turns: 2355, Time: 00:03:22

Health: -5/18      AC:  1    Str:  8    XL:     3   Next: 12%
Magic:  4/4        EV: 18    Int: 12    God:
Gold:   98         SH:  5    Dex: 17    Spells: 2/2 levels left
                                        Lives:  0   Deaths: 1

rFire    . . .     SeeInvis +     - Unarmed
rCold    . . .     Gourm    .   (shield unavailable)
rNeg     . . .     Faith    .   (armour unavailable)
rPois    .         Spirit   .   (helmet unavailable)
rElec    .         Reflect  +   (cloak unavailable)
rCorr    .         Harm     .   (gloves unavailable)
MR       +....                  (boots unavailable)
Stlth    ++++......             t - amulet of reflection
HPRegen  0.06/turn              (no ring)
MPRegen  0.09/turn              p - ring of protection from magic

@: quick
A: very small, no armour, no weapons or thrown items, stealth, claws 1, fangs 3,
see invisible, carnivore, speed 1, shaggy fur 1, slow metabolism 1, sharp paws
a: no special abilities


You were on level 4 of the Dungeon.
You were not hungry.

You visited 1 branch of the dungeon, and saw 4 of its levels.

You collected 98 gold pieces.

Inventory:

Missiles
 i - 88 stones
 j - 16 arrows
Jewellery
 p - a ring of protection from magic (right paw)
 t - an amulet of reflection (around neck)
Scrolls
 a - 2 scrolls of fear
 c - a scroll of teleportation
 g - a scroll of enchant armour {unknown}
 m - a scroll of amnesia {unknown}
 n - a scroll of enchant weapon {unknown}
 o - 2 scrolls of immolation {unknown}
 q - 2 scrolls of identify {unknown}
 s - a scroll of remove curse {unknown}
Potions
 b - a potion of haste
 d - a potion of lignification
 e - 2 potions of curing {unknown}
 h - a potion of berserk rage {unknown}
 k - a potion of resistance {unknown}
 r - a potion of degeneration {unknown}
Comestibles
 f - 4 rations


   Skills:
 - Level 4.0 Fighting
 + Level 2.7 Dodging
 * Level 5.4 Stealth
 - Level 4.0 Unarmed Combat


You had 2 spell levels left.
You didn't know any spells.
Your spell library was empty.

Dungeon Overview and Level Annotations

Branches:
Dungeon (4/15)
 Temple: D:4-7

Altars:

Shops:
D:4 }*

Annotations:
D:4 Pikel


Innate Abilities, Weirdness & Mutations

You cannot wear armour.
You are incapable of wielding weapons or throwing items.
Your paws allow you to move quietly. (Stealth)
You have sharp claws.
You have razor-sharp teeth.
You have supernaturally acute eyesight. (SInv)
You are carnivorous and can eat meat at any time.
You cover ground quickly.
You are covered in fur. (AC +1)
You have a slow metabolism.
Your sharp claws are effective at attacking unaware monsters.


Message History

An orc wizard comes into view. It is wielding a +0 dagger.
The orc priest shouts!
The orc shouts!
The orc wizard shouts!
You hear a shout!
You claw the orc priest!
The orc priest is heavily wounded.
The orc misses you.
The orc wizard looks braver for a moment.
You scratch the orc priest but do no damage.
The orc priest is heavily wounded.
The orc priest mumbles some strange prayers to Beogh against you.
Beogh smites you!
Ouch! That really hurt!
The orc completely misses you.
You are too injured to fight recklessly!
You are too injured to fight recklessly!
You scratch the orc priest but do no damage.
The orc priest is heavily wounded.
The orc wizard gestures at you while chanting.
The puff of frost hits you!
Ouch! That really hurt!
You die...

### #.## #. ###..#
#.# ##.#..## #.##
##.#....#####
#...###
##.#####......
#.....####.##
#...###
###..........# ##..#
.......o@...##
#..### .......oo..##
##.... ###.......##
##.... #.......#
##..... #.........#
#......
............#
#....##..
.............#
#....# #..
..................##
#..
..................
#..


You could see an orc priest, an orc wizard and an orc.

Vanquished Creatures
  3 adders
  3 worms
  2 dart slugs (D:1)
  A leopard gecko (D:2)
  2 orcs (D:3)
  A ball python (D:2)
  4 giant cockroaches
  A goblin (D:2)
  8 hobgoblins
  3 bats
  A frilled lizard (D:3)
  A quokka skeleton (D:2)
  6 rats
36 creatures vanquished.

Notes
Turn   | Place    | Note
-------+----------+-------------------------------------------
     0 | D:1      | Descartes the Felid Wanderer began the quest for the Orb.
     0 | D:1      | Descartes set off with the following items: a scroll of
                  | fear, a potion of haste, a scroll of teleportation, a
                  | potion of lignification, a ration
     0 | D:1      | Reached XP level 1. HP: 11/11 MP: 2/2
    32 | D:1      | Reached skill level 3 in Stealth
   304 | D:1      | Reached skill level 1 in Dodging
   413 | D:1      | Reached XP level 2. HP: 15/15 MP: 3/3
   683 | D:2      | Reached skill level 4 in Stealth
   910 | D:2      | Reached XP level 3. HP: 18/18 MP: 4/4
  1564 | D:2      | Reached skill level 5 in Stealth
  1898 | D:3      | Found a faded altar of an unknown god.
  1899 | D:3      | Reached XP level 4. HP: 22/22 MP: 5/5
  2290 | D:4      | Noticed a slave
  2290 | D:4      | Noticed a slave
  2291 | D:4      | Noticed Pikel
  2296 | D:4      | Found Ytaenk's Gadget Shoppe.
  2326 | D:4      | Noticed a phantom
  2331 | D:4      | Found Disamaow's Assorted Antiques.
  2331 | D:4      | Slain by a phantom
  2332 | D:4      | Reached XP level 3. HP: -3/18 MP: 4/4
  2355 | D:4      | Killed from afar by an orc wizard

Illustrated notes

Levels and vault maps discovered:
D:1:      sevenhm_arrival_forest_fort_small_3, layout_basic, serial_glass,
          glass_columns_a, glass_columns_a, chequers_jeans,
          minmay_misc_feat_tiny
D:2:      layout_basic
D:3:      layout_rooms, first_ration, chequers_ecumenical_altar_simple_redux
D:4:      layout_layer_cave, kennysheep_mini, serial_shops, shop,
          nicolae_shop_waterfront, nicolae_shop_overgrown_old_shop,
          nicolae_shop_crystal, nicolae_shop_temple_entry_statues_fountains,
          uniq_pikel

Skill      XL: |  1  2  3 |
---------------+----------+-----
Stealth        | 3 4 5 |  5.4
Dodging        | 1 2 |  2.7
Fighting       | |  4.0
Unarmed Combat | |  4.0

Action                   |  1- 3 |  4- 6 || total
-------------------------+-------+-------++-------
Melee: Unarmed           |    67 |    18 ||    85
       Bite              |     4 |       ||     4
       Punch             |     2 |       ||     2
 Stab: Sleeping          |    15 |     3 ||    18
       Distracted        |     1 |       ||     1
  Eat: Chunk             |    10 |     1 ||    11
Armor: Skin              |     4 |     1 ||     5
Dodge: Dodged            |    39 |     3 ||    42
Block: Other             |       |     2 ||     2
